 Dungeon Crawl Stone Soup version 0.26-a0-639-g72c4674329 (webtiles) character file.

Game seed: 6753622695180833345

(classic levelgen) 4519 EnegeticOcto the Cleaver (level 10, 49/92 HPs)
             Began as a Deep Dwarf Fighter on Sept 22, 2020.
             Quit the game on level 7 of the Dungeon.
             The game lasted 00:04:01 (5387 turns).

EnegeticOcto the Cleaver (Deep Dwarf Fighter)       Turns: 5387, Time: 00:04:02

Health: 49/92      AC: 14    Str: 22    XL:     10   Next: 17%
Magic:  4/4        EV:  6    Int: 10    God:
Gold:   457        SH: 11    Dex: 12    Spells: 9/9 levels left

rFire    . . .     SeeInvis .   a - +1 war axe
rCold    + . .     Faith    .   c - +0 kite shield
rNeg     . . .     Spirit   .   t - +2 chain mail {MR+}
rPois    .         Reflect  .   (no helmet)
rElec    .         Harm     .   (no cloak)
rCorr    .         Rampage  .   (no gloves)
MR       ++...                  u - +0 pair of boots
Stlth    ..........             y - amulet of inaccuracy (curse)
HPRegen  0.00/turn              j - ring of attention
MPRegen  0.09/turn              r - ring of protection from cold

@: non-regenerating
A: damage resistance, heal wounds, sense surroundings 2, no regeneration
a: Heal Wounds


You were on level 7 of the Dungeon.
You visited 2 branches of the dungeon, and saw 8 of its levels.

You collected 457 gold pieces.

Inventory:

Hand Weapons
 a - a +1 war axe (weapon)
Missiles
 m - 3 throwing nets (quivered)
Armour
 c - a +0 kite shield (worn)
 t - a +2 chain mail of magic resistance (worn)
 u - a +0 pair of boots (worn)
Jewellery
 f - an uncursed amulet of guardian spirit
 j - a ring of attention (left hand)
 n - the ring "Ymol Man" {*Slow rF++ Int+6 Dex+6}
   (You found it on level 5 of the Dungeon)

   [ring of dexterity]

   It affects your intelligence (+6).
   It affects your dexterity (+6).
   It greatly protects you from fire.
   It may slow you when you take damage.
 o - an uncursed amulet of magic regeneration
 r - a ring of protection from cold (right hand)
 x - an uncursed amulet of the acrobat
 y - a cursed amulet of inaccuracy (around neck)
Wands
 g - a wand of paralysis (1)
 q - a wand of acid (4) {@v1}
 s - a wand of enslavement (9)
Scrolls
 e - a scroll of immolation {@r4}
 k - 3 scrolls of teleportation {@r3}
 v - 2 scrolls of fear
 w - a scroll of identify {@r1}
Potions
 b - a potion of curing {@q1}
 d - a potion of might {@q3}
 h - a potion of ambrosia {unknown}
 i - 2 potions of resistance {@q6}
 l - a potion of stabbing {unknown}
 p - 3 potions of heal wounds {unknown}
 A - 2 potions of flight {unknown}


   Skills:
 + Level 6.7 Fighting
 * Level 10.5 Axes
 + Level 8.0 Armour
 + Level 8.0 Shields


You had 9 spell levels left.
You didn't know any spells.
Your spell library was empty.

Dungeon Overview and Level Annotations

Branches:
Dungeon (7/15)             Temple (1/1) D:6

Altars:
Ashenzari
Cheibriados
Dithmenos
Elyvilon
Gozag
Hepliaklqana
Kikubaaqudgha
Nemelex Xobeh
Okawaru
Qazlal
Ru
Sif Muna
Trog
Uskayaw
Vehumet
Wu Jian
Xom
Yredelemnul
Zin
The Shining One

Annotations:
D:3 2 runed translucent doors, Lanoc's ghost, amateur DEIE


Innate Abilities, Weirdness & Mutations

You are resistant to damage.
You can heal yourself by infusing magical energy.
You passively map the area around you.
You do not regenerate.


Message History

You miss the orc wizard.
The orc wizard is heavily wounded.
The orc wizard gestures at you while chanting.
The magic dart hits you but does no damage.
You slash the orc wizard!
You kill the orc wizard!
No target in view!
No target in view!
No target in view!
No target in view!
No target in view!
Items here: )) [[.
Things that are here:
a +0 dagger; a +0 robe
Items here: )) [[.
There is an open door here.
There is an open door here.
There is an open door here.
There is an open door here.
A bullfrog comes into view.
The bullfrog gives a loud, deep croak!
A bullfrog is nearby!
A bullfrog is nearby!
You block the bullfrog's attack.
You closely miss the bullfrog.
The bullfrog hits you but does no damage.
The bullfrog hits you.
You hit the bullfrog.
The bullfrog is lightly wounded.
You block the bullfrog's attack.
You miss the bullfrog.
The bullfrog is lightly wounded.
You block the bullfrog's attack. x2
You slash the bullfrog!
The bullfrog is almost dead.
You block the bullfrog's attack.
You miss the bullfrog.
The bullfrog is almost dead.
The bullfrog hits you but does no damage. x2
You miss the bullfrog.
The bullfrog is almost dead.
You block the bullfrog's attack.
You barely miss the bullfrog.
The bullfrog is almost dead.
The bullfrog hits you but does no damage. x2
You closely miss the bullfrog.
The bullfrog is severely wounded.
You block the bullfrog's attack. The bullfrog hits you.
You hit the bullfrog.
The bullfrog is almost dead.
The bullfrog hits you.
You miss the bullfrog.
The bullfrog is almost dead.
The bullfrog hits you but does no damage.
The bullfrog hits you.
A bullfrog is nearby!
A bullfrog is nearby!
A bullfrog is nearby!
A bullfrog is nearby!
A bullfrog is nearby!
A bullfrog is nearby!
You barely miss the bullfrog.
The bullfrog is almost dead.
The bullfrog barely misses you.
You miss the bullfrog.
The bullfrog is almost dead.
The bullfrog hits you but does no damage. x2
You slash the bullfrog!
You kill the bullfrog!
No target in view!
No target in view!
No target in view!
No target in view!
You open the door.
Found a stone staircase leading down.
There is an open door here.
You open the door.
There is an open door here.
There is a stone staircase leading up here.
Things that are here:
a +0 ring mail; a +0 hand axe
Things that are here:
a +0 dagger; a +0 leather armour Done exploring.
No target in view!
Done exploring.
No target in view!
No target in view!
No target in view!
No target in view!
No target in view!
No target in view!
No target in view!
No target in view!
No target in view!
No target in view!
No target in view!
No target in view!
Done exploring.
Are you sure you want to abandon this character and quit the game? (Confirm with "yes".)

#.###.....# ##.......##..#
#.# #.#...####...........##
#.###........+...........[.
#.(.......####.........####
#####.##.## ##.......## #
#.#### ##.....## ## #.#
##...## #. #.#
##########+## #. #.#
#.@....# #.# #. #.#
#.####.# #.# #†
#.###.####.###>##### #.
#..................# #.
#####.###........#.# #.
#.###...#...##.# ##
#.......##.###.####
#####..............
###.######.####


There were no monsters in sight!

Vanquished Creatures
  An ugly thing (D:7)
  Grinder (D:5)
  2 hippogriffs (D:7)
  Sigmund (D:6)
  A shadow (D:7)
  Eustachio (D:6)
  Menkaure (D:6)
  Duvessa (D:6)
  2 orc warriors
  A sky beast (D:6)
  A phantom (D:7)
  3 ice beasts
  5 ogres
  3 bullfrogs
  Blork the orc (D:6)
  Dowan (D:6)
  3 scorpions (D:4)
  2 howler monkeys (D:7)
  A centaur zombie (D:6)
  A bullfrog zombie (D:7)
  5 hounds
  2 jellies
  A gnoll shaman (D:7)
  6 orc priests
  A bullfrog skeleton (D:5)
  An iguana (D:5)
  9 orc wizards
  5 worker ants
  A hound zombie (D:5)
  A worker ant zombie (D:6)
  10 adders
  11 gnolls
  2 white imps (D:5)
  3 ufetubi
  2 oozes
  An adder skeleton (D:5)
  6 worms
  5 leopard geckos
  43 orcs
  5 giant cockroaches
  6 goblins
  5 hobgoblins (D:2)
  2 jackals (D:6)
  3 kobolds (D:3)
  A quokka (D:3)
  2 ball pythons
  7 bats
  2 frilled lizards
  A leopard gecko skeleton (D:5)
  10 rats
192 creatures vanquished.

Notes
Turn   | Place    | Note
-------+----------+-------------------------------------------
     0 | D:1      | EnegeticOcto the Deep Dwarf Fighter began the quest for the
                  | Orb.
     0 | D:1      | Reached XP level 1. HP: 20/20 MP: 1/1
    88 | D:2      | Reached XP level 2. HP: 20/27 MP: 2/2
   139 | D:2      | Reached skill level 3 in Axes
   175 | D:2      | Reached XP level 3. HP: 17/33 MP: 3/3
   273 | D:3      | Reached XP level 4. HP: 25/42 MP: 4/4
   391 | D:3      | Found a runed translucent door.
   394 | D:3      | Noticed Lanoc's ghost (amateur DEIE)
   529 | D:4      | Reached skill level 4 in Axes
   589 | D:4      | Reached XP level 5. HP: 30/49 MP: 5/5
   724 | D:4      | Found an opulent altar of Gozag.
   799 | D:4      | Reached XP level 6. HP: 31/56 MP: 6/6
   819 | D:4      | Reached skill level 5 in Axes
  1266 | D:5      | Entered Level 5 of the Dungeon
  1299 | D:5      | Reached XP level 7. HP: 47/64 MP: 7/7
  1315 | D:5      | Reached skill level 5 in Shields
  1342 | D:5      | Reached skill level 5 in Armour
  1376 | D:5      | Reached skill level 6 in Axes
  1399 | D:5      | Noticed Grinder
  1416 | D:5      | Killed Grinder
  1423 | D:5      | Got a transparent marble ring
  1457 | D:5      | Identified the ring "Ymol Man" {*Slow rF++ Int+6 Dex+6}
                  | (You found it on level 5 of the Dungeon)
  1514 | D:5      | Reached XP level 8. HP: 45/73 MP: 7/7
  1786 | D:6      | Noticed Eustachio
  1792 | D:6      | Reached skill level 7 in Axes
  1824 | D:6      | Killed Eustachio
  1825 | D:6      | Reached skill level 5 in Fighting
  1893 | D:6      | Found a staircase to the Ecumenical Temple.
  1900 | D:6      | Noticed Sigmund
  1907 | D:6      | Killed Sigmund
  1918 | Temple   | Entered the Ecumenical Temple
  2435 | D:2      | Reached skill level 8 in Axes
  2701 | D:2      | Found a hazy altar of Hepliaklqana.
  3026 | D:3      | Found a runed translucent door.
  3215 | D:6      | Noticed Blork the orc
  3223 | D:6      | Killed Blork the orc
  3223 | D:6      | Gained mutation: You passively map the area around you.
                  | [Deep Dwarf growth]
  3223 | D:6      | Reached XP level 9. HP: 44/81 MP: 8/8
  3424 | D:6      | Noticed Dowan
  3431 | D:6      | Killed Dowan
  3542 | D:6      | Noticed Menkaure
  3551 | D:6      | Killed Menkaure
  3551 | D:6      | Reached skill level 9 in Axes
  3696 | D:6      | Noticed Duvessa
  3710 | D:6      | Killed Duvessa
  4272 | D:7      | Noticed a brown ugly thing
  4294 | D:7      | Killed a brown ugly thing
  4450 | D:7      | Reached skill level 10 in Axes
  4633 | D:7      | Reached XP level 10. HP: 65/92 MP: 4/4
  5387 | D:7      | Quit the game

Illustrated notes

Levels and vault maps discovered:
D:1:      dpeg_arrival_pond, layout_rooms, minmay_close_crescents
D:2:      layout_loops_ring, marbit_many_paths, roderic_filled_cross
D:3:      layout_loops_ring, ebering_ghost_sewer_f
D:4:      layout_loops_corners, grunt_gozag_statues
D:5:      layout_rooms, uniq_grinder
D:6:      layout_basic, minmay_temple_entry_ruins, uniq_eustachio,
          uniq_menkaure, uniq_duvessa, uniq_blork_the_orc, uniq_sigmund
D:7:      minmay_the_grid_four_pointed_star
          [minmay_the_grid_triangle_9x9_corruption,
          minmay_the_grid_triangle_9x9_swiss_cheese,
          minmay_the_grid_triangle_9x9_sprig,
          minmay_the_grid_triangle_9x9_stretched_checkered,
          minmay_the_grid_prize_diamond_cup], layout_loops_corners
Temple:   hc_temple_tempest_star

Skill      XL: |  1  2  3  4  5  6  7  8  9 10 |
---------------+-------------------------------+-----
Axes           | 3 4 5 6 8 10 | 10.5
Fighting       | 3 4 5 6 |  6.7
Armour         | 4 5 6 7 8 |  8.0
Shields        | 4 5 6 7 8 |  8.0

Action                   |  1- 3 |  4- 6 |  7- 9 | 10-12 || total
-------------------------+-------+-------+-------+-------++-------
Melee: War axe           |    87 |   121 |   534 |    98 ||   840
 Abil: Heal Wounds       |     1 |     4 |    21 |       ||    26
Evoke: Wand              |       |       |     5 |       ||     5
  Use: Scroll            |       |       |     9 |       ||     9
 Stab: Paralysed         |       |       |     7 |       ||     7
Armor: Scale mail        |    40 |    44 |    37 |       ||   121
       Chain mail        |       |       |   201 |    58 ||   259
Dodge: Dodged            |    30 |    42 |   113 |    25 ||   210
Block: Kite shield       |    44 |    66 |   288 |    54 ||   452

Table legend: (Time is in decaauts)
 A = Elapsed time spent in this place.
 B = Non-inter-level travel time spent in this place.
 C = Inter-level travel time spent in this place.
 D = Time resting spent in this place.
 E = Time spent auto-exploring this place.
 F = Levels seen in this place.
 G = Mean time per level.
                   A        B        C        D        E       F      G
               +--------+--------+--------+--------+--------+-----+--------+
         Total |   5548 |   5200 |    348 |      0 |   3647 |   8 |  693.5 |
       Dungeon |   5300 |   4960 |    340 |      0 |   3440 |   7 |  757.1 |
        Temple |    248 |    240 |      8 |      0 |    207 |   1 |  248.0 |
               +--------+--------+--------+--------+--------+-----+--------+

Top non-repeatable levels by time:
     D:7: 1367 daAuts
     D:6: 1025 daAuts
     D:4: 819 daAuts
     D:2: 758 daAuts
     D:3: 706 daAuts
     D:5: 568 daAuts
  Temple: 248 daAuts
     D:1: 54 daAuts
